 Dungeon Crawl Stone Soup version 0.31.0-12-g77e489cdc1 (webtiles) character file.

Game seed: 16946393709524543592

227 Doomgape the Trooper (level 6, -9/40 HPs)
             Began as a Gargoyle Fighter on Feb 23, 2024.
             Blown up by Eustachio (11 damage)
             ... with a mindburst bolt
             ... in the Ecumenical Temple.
             The game lasted 00:06:40 (2889 turns).

Doomgape the Trooper (Gargoyle Fighter)             Turns: 2889, Time: 00:06:41

Health: -9/40      AC: 11    Str: 22    XL:     6   Next: 2%
Magic:  6/6        EV:  9    Int:  8    God:
Gold:   174        SH:  5    Dex:  9    Spells: 5/5 levels left

rFire   . . .        a - +0 flail
rCold   . . .        c - +1 buckler
rNeg    + . .        b - +0 scale mail
rPois   ∞            (no helmet)
rElec   +            (no cloak)
rCorr   .            (no gloves)
SInv    .            (no boots)
Will    +....        (no amulet) Stlth
                     (no ring)
HPRegen 0.00/turn    (no ring)
MPRegen 0.10/turn

%: no passive effects
@: mighty, inhibited regen, hasted, invisible, very quick
A: sickness immunity, AC +4, negative energy resistance 1, electricity
resistance, torment resistance 1, petrification resistance, deterioration 1,
strong-willed 1, inhibited regeneration, inability to read after injury 1
a: no special abilities


You were in the Ecumenical Temple.
You visited 2 branches of the dungeon, and saw 5 of its levels.

You collected 174 gold pieces.

Inventory:

Hand Weapons
 a - a +0 flail (weapon)
Missiles
 e - a throwing net (quivered)
 o - 5 javelins
Armour
 b - a +0 scale mail (worn)
 c - a +1 buckler (worn)
Jewellery
 l - a +4 ring of protection
 n - a ring of wizardry
Wands
 h - a wand of flame (13)
 j - a wand of charming (11)
 r - a wand of light (8)
Scrolls
 g - a scroll of noise
 i - a scroll of revelation {unknown}
 p - a scroll of torment {unknown}
 q - 2 scrolls of poison {unknown}
Potions
 f - 2 potions of attraction
 k - a potion of mutation


   Skills:
 + Level 5.0 Fighting
 + Level 3.7 Maces & Flails
 + Level 4.8 Armour
 - Level 3.2 Shields


You had 5 spell levels left.
You didn't know any spells.
Your spell library contained the following spells:

 Spells                   Type           Power      Damage    Failure   Level
 Apportation              Tloc           0%         N/A       80%         1
 Necrotise                Necr           0%         1d4       80%         1
 Sting                    Conj/Alch      0%         1d3       80%         1
 Summon Small Mammal      Summ           0%         N/A       80%         1


Dungeon Overview and Level Annotations

Branches:
Dungeon (4/15)             Temple (1/1) D:4

Altars:
Ashenzari
Cheibriados
Dithmenos
Elyvilon
Fedhas
Gozag
Hepliaklqana
Kikubaaqudgha
Makhleb
Nemelex Xobeh
Okawaru
Ru
Sif Muna
Trog
Uskayaw
Vehumet
Wu Jian
Xom
Yredelemnul
Zin
The Shining One

Annotations:
Temple Eustachio


Innate Abilities, Weirdness & Mutations

You are immune to sickness and miasma.
Your stone body is resilient. (AC +4)
You are immune to poison.
You resist negative energy. (rN+)
You are resistant to electric shocks. (rElec)
You are resistant to unholy torment.
You are immune to petrification.
Your body sometimes deteriorates upon taking damage.
You are strong-willed. (Will+)
You do not regenerate when monsters are visible.
You occasionally lose the ability to read scrolls when taking damage.


Message History

Eustachio is heavily wounded.
The crimson imp completely misses you. The quasit barely misses you.
The quasit claws you but does no damage.
The quasit closely misses you.
Eustachio gestures wildly while chanting.
Unknown command.
You hit Eustachio but do no damage.
Eustachio is heavily wounded.
The river rat squeaks loudly.
The crimson imp closely misses you.
Unknown command.
You barely miss Eustachio.
Eustachio is heavily wounded.
Eustachio hits you with a +0 rapier.
* * * LOW HITPOINT WARNING * * *
You block the quasit's attack. x2; The quasit closely misses you.
The crimson imp barely misses you.
Unknown command.
You closely miss Eustachio.
Eustachio is heavily wounded.
You block Eustachio's attack.
The quasit bites you but does no damage.
The quasit claws you but does no damage. x2
The crimson imp hits you but does no damage.
Unknown command.
You completely miss Eustachio.
Eustachio is heavily wounded.
The river rat squeaks loudly.
The quasit barely misses you. x2
The quasit claws you but does no damage.
The crimson imp spits at you. The crimson imp barely misses you.
The quasit disappears in a puff of smoke!
The river rat closely misses you.
Unknown command.
You thump Eustachio!
Eustachio is almost dead.
Eustachio zaps a wand.
Your mind is blasted!
You die...
Eustachio says, "Such is the fate of all honourless rascals."

#......#........#......#.....
#......#........#......#.....
####...#........+###...#.....
####+####.......####+####.
##...###+........#...##
#......#........#.....
#......#........#.....
##..5@.##..._..##..._.
#..r@§.#......#......
#..§.§.#......#......
####...#...###+......
####+####.......##
##........#### #........#
#........# ##......##
#......#


You could see Eustachio (unable to see you), a crimson imp (summoned, unable to
see you) and a river rat (summoned, unable to see you).

Vanquished Creatures
  A bombardier beetle (D:4)
  2 hounds (D:4)
  An iguana (D:3)
  Robin (D:2)
  An adder (D:3)
  A gnoll (D:3)
  3 dart slugs
  2 orcs (D:3)
  8 endoplasms
  3 giant cockroaches (D:3)
  10 goblins
  8 hobgoblins
  2 jackals (D:1)
  3 quokkas
  5 ball pythons
  11 bats
  2 frilled lizards
  2 kobolds
  6 rats
72 creatures vanquished.

Notes
Turn   | Place    | Note
-------+----------+-------------------------------------------
     0 | D:1      | Doomgape the Gargoyle Fighter began the quest for the Orb.
     0 | D:1      | Reached XP level 1. HP: 14/14 MP: 1/1
   197 | D:1      | Reached XP level 2. HP: 19/19 MP: 2/2
   860 | D:2      | Noticed Robin
   865 | D:2      | Reached XP level 3. HP: 24/24 MP: 3/3
   974 | D:2      | Killed Robin
   975 | D:2      | Reached skill level 4 in Fighting
  1026 | D:2      | Found a faded altar of an unknown god.
  1144 | D:2      | Identified the +0 sling of Victory {flame, Dex+5}
  1150 | D:2      | Found a white marble altar of Elyvilon.
  1223 | D:2      | Reached XP level 4. HP: 29/29 MP: 4/4
  2061 | D:3      | Reached XP level 5. HP: 34/34 MP: 5/5
  2396 | D:3      | Found a glowing golden altar of the Shining One.
  2396 | D:3      | Found a white marble altar of Elyvilon.
  2396 | D:3      | Found a glowing silver altar of Zin.
  2847 | D:4      | Found a staircase to the Ecumenical Temple.
  2856 | D:4      | Noticed Eustachio
  2864 | D:4      | Reached skill level 5 in Fighting
  2864 | D:4      | Reached XP level 6. HP: 23/40 MP: 6/6
  2867 | Temple   | Entered the Ecumenical Temple
  2869 | Temple   | Gained mutation: Your body sometimes deteriorates upon
                  | taking damage. [potion of mutation]
  2869 | Temple   | Gained mutation: You do not regenerate when monsters are
                  | visible. [potion of mutation]
  2869 | Temple   | Gained mutation: You occasionally lose the ability to read
                  | scrolls when taking damage. [potion of mutation]
  2869 | Temple   | Gained mutation: You are strong-willed. (Will+) [potion of
                  | mutation]
  2885 | Temple   | HP: 2/40 [Eustachio/+0 rapier (4)]
  2889 | Temple   | Blown up by Eustachio

Illustrated notes

Levels and vault maps discovered:
D:1:      mrwooster_arrival_arrow, layout_basic, nrook_loot_triangle,
          minmay_misc_feat_plants
D:2:      layout_basic, ebering_ecumenical_altar_rust, basic_altar,
          minmay_misc_feat_square, nrook_campfire, uniq_robin
D:3:      layout_basic, good_gods_mini_temple, minmay_fractal_squares_5
D:4:      layout_loops_corners, temple_statues, serial_glass, glass_columns_b,
          glass_columns_b, glass_columns_b, glass_columns_a, feat_on_display,
          uniq_eustachio
Temple:   mainiacjoe_temple_bowtie_tessellation

Skill      XL: |  1  2  3  4  5 |
---------------+----------------+-----
Fighting       | 4 5 |  5.0
Armour         | 4 |  4.8
Maces & Flails | 3 |  3.7
Shields        | |  3.2

Action                     |  1- 3 |  4- 6 || total
---------------------------+-------+-------++-------
  Melee: Flail             |   102 |   136 ||   238
    Use: Scroll            |       |     4 ||     4
         Potion            |       |     4 ||     4
 Armour: Scale mail        |    71 |   125 ||   196
  Dodge: Dodged            |    55 |    82 ||   137
  Block: Buckler           |    24 |    38 ||    62
